AoeStats
← Osan

Nomad

509654611Analyzed
3v3 RM · 5d ago on Sep 27, 2026· 74m 5s· 6 players
Game mode
Random Map
Map size
210×210
Population
200
Speed
Normal
Resources
Standard
Victory
Conquest
Starting age
Dark Age
Ending age
Imperial Age
RankedLock teamsTeams togetherTeam positionsShared explorationLock speedFull tech treeHidden civsTurbo modeCheats
Victory
Defeat
🇷🇺 Maya · Russia
1197
+14
🇷🇺 Persians · Russia
1194
+14
🇷🇺 Berbers · Russia
1099
+18
🇨🇳 Italians · China
1190
-17
🇪🇸 Malians · Spain
1152
-15
🇫🇷 Mongols · France
1115
-14
joanmora92
6:45 Loom
14:00 Feudal Age
18:51 Castle Age
21:20 Wheelbarrow
Romero
5:25 Loom
13:15 Feudal Age
14:02 Double-Bit Axe
22:25 Castle Age
20:35 Fletching
22:00 Gold Mining
23:20 Bow Saw
29:56 Wheelbarrow
30:37 Bodkin Arrow
33:33 Elite Skirmisher
35:33 Padded Archer Armor
42:43 Leather Archer Armor
42:52 Scale Mail Armor
43:55 Ballistics
53:22 Imperial Age
57:23 Bracer
59:32 Scale Barding Armor
59:40 Bloodlines
58:50 Light Cavalry
63:27 Forging
66:07 Elite Mangudai
66:46 Horse Collar
73:22 Conscription
73:55 Iron Casting
546308830
7:09 Loom
13:17 Feudal Age
13:54 Double-Bit Axe
18:15 Castle Age
17:23 Fletching
19:50 Medium Warships
20:15 Fishing Lines
21:13 Bow Saw
21:17 Bodkin Arrow
22:32 Gold Mining
26:27 Demolition Ship
29:16 Horse Collar
32:46 Imperial Age
31:47 Wheelbarrow
30:58 Town Watch
31:24 Gillnets
32:51 Ballistics
32:13 Treadmill Crane
32:44 Masonry
32:40 Padded Archer Armor
33:22 Hand Cart
33:56 Heavy Warships
34:35 Conscription
34:21 Scale Mail Armor
34:32 Forging
35:23 Bracer
35:42 Squires
35:27 Arson
37:00 Leather Archer Armor
37:49 Chemistry
37:08 Chain Mail Armor
38:35 Hoardings
39:09 Heavy Plow
39:41 Architecture
41:50 Ring Archer Armor
41:58 Iron Casting
42:07 Elite Genoese Crossbowman
44:58 Two-Man Saw
48:08 Thumb Ring
60:06 Plate Mail Armor
61:40 Coinage
61:21 Guilds
65:02 Town Patrol
Osan
5:10 Loom
13:12 Feudal Age
13:52 Double-Bit Axe
15:24 Fishing Lines
19:56 Castle Age
18:25 Bloodlines
20:06 Forging
19:48 Fletching
21:49 Husbandry
22:31 Wheelbarrow
21:45 Town Watch
21:53 Horse Collar
22:44 Bow Saw
24:23 Heavy Plow
27:00 Scale Barding Armor
30:45 Gold Mining
31:48 Iron Casting
31:47 Chain Barding Armor
34:50 Kamandaran
39:16 Imperial Age
38:44 Bodkin Arrow
38:24 Crossbowman
39:14 Cavalier
40:14 Thumb Ring
41:00 Ballistics
41:42 Chemistry
41:31 Padded Archer Armor
43:41 Plate Barding Armor
44:59 Hand Cart
49:10 Two-Man Saw
51:49 Blast Furnace
59:44 Hoardings
60:29 Crop Rotation
60:39 Gold Shaft Mining
59:56 Stone Mining
60:49 Savar
63:48 Hoardings
63:34 Conscription
63:26 Citadels
65:13 Murder Holes
65:29 Masonry
65:40 Leather Archer Armor
[Opa] GuDock
5:22 Loom
14:09 Feudal Age
16:21 Town Watch
20:04 Wheelbarrow
19:46 Fishing Lines
20:03 Double-Bit Axe
22:21 Castle Age
23:12 Fletching
23:26 Husbandry
23:53 Medium Warships
28:14 Gold Mining
29:08 Bow Saw
29:07 Kasbah
31:16 Bodkin Arrow
32:13 Wheelbarrow
32:18 Gold Shaft Mining
32:35 Ballistics
37:05 Imperial Age
35:20 Horse Collar
37:09 Bloodlines
37:07 Thumb Ring
37:49 Masonry
37:51 Careening
38:36 Heavy Plow
38:12 Light Cavalry
40:51 Chemistry
39:46 Hussar
40:36 Scale Barding Armor
40:41 Forging
40:57 Elite Skirmisher
42:42 Bracer
43:48 Padded Archer Armor
49:57 Scale Mail Armor
50:15 Leather Archer Armor
50:44 Chain Barding Armor
50:34 Forging
51:07 Hand Cart
55:45 Ring Archer Armor
63:24 Plate Barding Armor
63:25 Iron Casting
70:15 Crop Rotation
сашка фермер
4:10 Loom
13:19 Feudal Age
14:10 Double-Bit Axe
15:14 Wheelbarrow
23:39 Castle Age
22:10 Fletching
24:08 Gold Mining
26:22 Castle Age
24:48 Stone Mining
26:19 Padded Archer Armor
28:21 Bodkin Arrow
32:00 Imperial Age
30:04 Crossbowman
33:16 Leather Archer Armor
36:32 Chemistry
43:38 Ballistics
53:46 Bracer
69:32 Elite Plumed Archer
70:46 Conscription
71:01 Hand Cart
71:03 Bow Saw
70:23 Arbalester
71:11 Thumb Ring
Connection lost

Rejoining the realm…

Still unreachable

The connection could not be restored.

Session expired

The server has moved on; the page needs a fresh start.